 Dungeon Crawl Stone Soup version 0.27-a0-1177-g245c70e1c0 (webtiles) character file.

Game seed: 16505057039743342776

30 Zonian the Magician (level 3, -3/25 HPs)
             Began as a Djinni Ice Elementalist on May 16, 2021.
             Slain by Robin
             ... wielding a +2 mace of protection
              (11 damage)
             ... on level 2 of the Dungeon.
             The game lasted 00:02:58 (1907 turns).

Zonian the Magician (Djinni Ice Elementalist)       Turns: 1907, Time: 00:02:59

Health: -3/25      AC:  2    Str:  7    XL:     3   Next: 35%
Gold:   40         EV: 12    Int: 17    God:
                   SH:  0    Dex: 13

rFire    + + .     SeeInvis .   e - +2 dagger (vamp)
rCold    x . .     Faith    .   (no shield)
rNeg     . . .     Spirit   .   a - +0 robe
rPois    ∞         Reflect  .   (no helmet)
rElec    .         Harm     .   (no cloak)
rCorr    .         Rampage  .   (no gloves)
Will     .....                  (boots unavailable)
Stlth    ++........             (no amulet)
HPRegen  0.08/turn              (no ring)
MPRegen  0.00/turn              (no ring)

@: flying
A: sickness immunity, fire resistance 2, cold vulnerability 1, float, innate
caster, hp casting, extra vitality 1
a: no special abilities


You were on level 2 of the Dungeon.
You visited 1 branch of the dungeon, and saw 2 of its levels.

You collected 40 gold pieces.

Inventory:

Hand Weapons
 b - a +0 short sword
 e - a +2 vampiric dagger (weapon)
Missiles
 d - a stone
Armour
 a - a +0 robe (worn)


   Skills:
 + Level 0.4 Short Blades
 + Level 2.1 Dodging
 + Level 2.0 Stealth
 + Level 3.7 Spellcasting


You couldn't memorise any spells.
You knew the following spells:

 Your Spells              Type           Power      Damage    Failure   Level
a - Freeze                Ice            64%        1d8       3%          1
b - Frozen Ramparts       Ice            32%        1d5       11%         3
c - Ozocubu's Armour      Ice            16%        N/A       11%         3
d - Hailstorm             Conj/Ice       16%        3d6       34%         4
e - Metabolic Englaciati  Hex/Ice        8%         N/A       67%         5
f - Sandblast             Erth           32%        2d9       3%          1
Your spell library was empty.

Dungeon Overview and Level Annotations

Branches:
Dungeon (1/15)

Altars:

Annotations:
D:2 Robin


Innate Abilities, Weirdness & Mutations

You are immune to sickness and miasma.
You are immune to poison.
Your flesh is very heat resistant. (rF++)
You are vulnerable to cold. (rC-)
You float through the air rather than walking.
You learn spells naturally, not from books.
Your magical power is your life essence.
You have superior vitality. (+4 HP)


Message History

A kobold comes into view. It is wielding a +2 vampiric dagger.
A kobold is nearby!
Unknown command.
A hobgoblin comes into view.
The hobgoblin shouts!
The kobold shouts!
You hear a shout! x4
The kobold hits you with a +2 vampiric dagger.
Casting: Freeze (safe; 3% risk of failure)
Confirm with . or Enter, or press ? or * to list all spells.
The spell is quite dangerous to cast (11% risk of failure)!
Continue anyway?
Okay, then.
You freeze the kobold.
You kill the kobold!
A goblin comes into view. It is wielding a +0 club.
A goblin comes into view. It is wielding a +0 dagger.
You freeze the hobgoblin.
You kill the hobgoblin!
The goblin shouts!
You hear a shout! x3
Unknown command.
Robin shouts!
You hear a shout!
The goblin hits you with a +0 dagger.
Robin roars a battlecry!
The goblins go into a battle-frenzy!
Items here: $ ( ) ††.
Unknown command.
e - a +2 vampiric dagger The goblin misses you.
A hobgoblin comes into view.
Unknown command.
You feel a sense of dread.
e - a +2 vampiric dagger (weapon)
Unknown command.
You barely miss the goblin. The goblin hits you with a +0 dagger.
You hit the goblin.
You kill the goblin!
Robin's bangles clink loudly.
Unknown command.
It was a potion of flight.
You feel more buoyant.
Robin hits you with a +2 mace of protection!
You die...

#. #. #.g## #.
#g..# #.# #r..#
#.. r...## #..##
#....# #...###
#....#
#.....####g...#...
#.......@gg.......
##################


You could see Robin, a hobgoblin (strong) and a goblin (strong).

Vanquished Creatures
  An endoplasm (D:1)
  2 giant cockroaches (D:1)
  3 goblins (D:2)
  3 hobgoblins
  3 jackals (D:1)
  3 quokkas
  2 ball pythons
  A bat (D:1)
  2 frilled lizards (D:1)
  4 kobolds
  2 rats
26 creatures vanquished.

Notes
Turn   | Place    | Note
-------+----------+-------------------------------------------
     0 | D:1      | Zonian the Djinni Ice Elementalist began the quest for the
                  | Orb.
     0 | D:1      | Reached XP level 1. HP: 15/15 MP: 0/0
   485 | D:1      | Reached XP level 2. HP: 14/21 MP: 0/0
  1612 | D:1      | Reached XP level 3. HP: 16/25 MP: 0/0
  1612 | D:1      | Learned a level 1 spell: Sandblast
  1849 | D:1      | You are sucked into a shaft and drop 1 floor!
  1875 | D:2      | Noticed Robin
  1907 | D:2      | Slain by Robin

Illustrated notes

Levels and vault maps discovered:
D:1:      dpeg_arrival_boxes_within_box, layout_rooms
D:2:      minmay_recursive_quarters, layout_basic,
          hellmonk_ecumenical_altar_crossroads, uniq_robin

Skill      XL: |  1  2  3 |
---------------+----------+-----
Stealth        | 2 |  2.0
Short Blades   | |  0.4
Dodging        | |  2.1
Spellcasting   | |  3.7

Action                   || total
-------------------------++-------
Melee: Short sword       ||    47
       Dagger            ||     2
 Cast: Freeze            ||    20
  Use: Scroll            ||     1
       Potion            ||     1
 Stab: Sleeping          ||     1
Armor: Robe              ||    11
Dodge: Dodged            ||    45

Table legend: (Time is in decaauts)
 A = Elapsed time spent in this place.
 B = Non-inter-level travel time spent in this place.
 C = Inter-level travel time spent in this place.
 D = Time resting spent in this place.
 E = Time spent auto-exploring this place.
 F = Levels seen in this place.
 G = Mean time per level.
                   A        B        C        D        E       F      G
               +--------+--------+--------+--------+--------+-----+--------+
         Total |   1910 |   1909 |      1 |   1545 |    175 |   2 |  955.0 |
       Dungeon |   1910 |   1909 |      1 |   1545 |    175 |   2 |  955.0 |
               +--------+--------+--------+--------+--------+-----+--------+

Top non-repeatable levels by time:
     D:1: 1851 daAuts
     D:2: 58 daAuts
